 Dungeon Crawl Stone Soup version 0.28.0-53-g5a82cb258f (webtiles) character file.

Game seed: 8049675126684124512

30 jiml777 the Gusty (level 3, 0/19 HPs)
             Began as a Deep Elf Air Elementalist on June 15, 2022.
             Slain by Terence
             ... wielding a +0 flail
              (7 damage)
             ... on level 2 of the Dungeon.
             The game lasted 00:10:17 (1652 turns).

jiml777 the Gusty (Deep Elf Air Elementalist)       Turns: 1652, Time: 00:10:19

Health: 0/19       AC:  3    Str:  5    XL:     3   Next: 5%
Magic:  15/19      EV: 12    Int: 21    God:
Gold:   101        SH:  0    Dex: 15    Spells: 7/9 levels left

rFire   . . .      SeeInvis .   m - +0 short sword
rCold   . . .      Faith    .   (no shield)
rNeg    . . .      Spirit   .   a - +0 robe
rPois   +          Reflect  .   (no helmet)
rElec   .          Harm     .   b - +0 cloak
rCorr   .          Rampage  .   (no gloves)
Will    .....                   (no boots)
Stlth   ++........              (no amulet)
HPRegen 0.06/turn               e - ring of magical power
MPRegen 0.16/turn               l - ring of poison resistance

@: no status effects
A: no striking features
a: no special abilities


You were on level 2 of the Dungeon.
You visited 1 branch of the dungeon, and saw 2 of its levels.

You collected 101 gold pieces.

Inventory:

Hand Weapons
 d - a +0 dagger
 m - a +0 short sword (weapon)
Missiles
 g - 38 stones
 i - 10 arrows
Armour
 a - a +0 robe (worn)
 b - a +0 cloak (worn)
Jewellery
 e - a ring of magical power (left hand)
 j - a +6 ring of dexterity
 l - a ring of poison resistance (right hand)
Scrolls
 f - a scroll of identify {unknown}
 k - a scroll of teleportation {unknown}
Potions
 c - a potion of brilliance {unknown}
 h - a potion of berserk rage {unknown}


   Skills:
 + Level 2.4 Dodging
 + Level 2.8 Stealth
 + Level 3.5 Spellcasting
 + Level 1.3 Conjurations
 + Level 3.7 Air Magic


You had 7 spell levels left.
You knew the following spells:

 Your Spells              Type           Power      Damage    Failure   Level
a - Shock                 Conj/Air       56%        1d6       4%          1
b - Magic Dart            Conj           36%        1d4       8%          1

Your spell library contained the following spells:

 Spells                   Type           Power      Damage    Failure   Level
 Static Discharge         Conj/Air       14%        N/A       7%          2
 Swiftness                Air            19%        N/A       9%          3
 Foxfire                  Conj/Fire      24%        2x1d5     10%         1
 Call Imp                 Summ           3%         N/A       19%         2
 Mephitic Cloud           Conj/Pois/Air  10%        N/A       19%         3
 Airstrike                Air            9%         N/A       26%         4
 Conjure Flame            Conj/Fire      6%         6-21      28%         3
 Inner Flame              Hex/Fire       3%         N/A       36%         3
 Flame Wave               Conj/Fire      6%         2d5       67%         4


Dungeon Overview and Level Annotations

Branches:
Dungeon (2/15)

Altars:
Nemelex Xobeh

Annotations:
D:2 Terence


Message History

Press: ? - help, Shift-Dir - straight line, p - Terence The zap hits Terence.
Terence is moderately wounded.
The zap hits Terence.
Terence is heavily wounded.
Terence hits you with a +0 flail.
Casting: Shock (safe; 4% risk of failure)
Confirm with . or Enter, or press ? or * to list all spells.
Aiming: Shock (safe; 4% risk of failure)
Press: ? - help, Shift-Dir - straight line The zap hits Terence.
Terence is heavily wounded.
The zap hits Terence.
Terence is heavily wounded.
Terence hits you with a +0 flail.
Casting: Shock (safe; 4% risk of failure)
Confirm with . or Enter, or press ? or * to list all spells.
Aiming: Shock (safe; 4% risk of failure)
Press: ? - help, Shift-Dir - straight line The zap hits Terence but does no damage.
Terence is heavily wounded.
The zap misses Terence.
Terence hits you with a +0 flail!
Casting: Shock (safe; 4% risk of failure)
Confirm with . or Enter, or press ? or * to list all spells.
Aiming: Shock (safe; 4% risk of failure)
Press: ? - help, Shift-Dir - straight line The zap hits Terence.
Terence is severely wounded.
The zap hits Terence.
Terence is severely wounded.
Casting: Shock (safe; 4% risk of failure)
Confirm with . or Enter, or press ? or * to list all spells.
Aiming: Shock (safe; 4% risk of failure)
Press: ? - help, Shift-Dir - straight line The zap hits Terence.
Terence is almost dead.
The zap hits Terence.
Terence is almost dead.
Terence hits you with a +0 flail!
You die...

#....................
#....................
#....................
#......................#####
#..._......................
##........#...............##
#..........................
#................≈≈≈≈.≈≈≈≈≈
####......@.####.≈≈≈≈.≈≈≈≈≈
#......@..)...≈≈≈≈.≈≈≈≈≈
#.............≈≈≈÷.≈≈≈≈≈
#.............≈≈≈≈......
#########...........≈≈≈≈
####.....≈≈≈≈≈.≈≈≈≈
#........≈≈≈≈≈.≈≈≈≈
#........≈≈≈≈≈.≈≈≈≈
######........≈≈≈≈≈.≈≈≈≈


You could see Terence.

Vanquished Creatures
  3 ball pythons (D:2)
  5 endoplasms
  A goblin (D:2)
  2 hobgoblins
  4 quokkas (D:1)
  2 bats
  A frilled lizard (D:1)
  4 kobolds
  6 rats (D:1)
28 creatures vanquished.

Notes
Turn   | Place    | Note
-------+----------+-------------------------------------------
     0 | D:1      | jiml777 the Deep Elf Air Elementalist began the quest for
                  | the Orb.
     0 | D:1      | Reached XP level 1. HP: 10/10 MP: 6/6
   427 | D:1      | Reached XP level 2. HP: 15/15 MP: 8/8
   571 | D:1      | Found a faded altar of an unknown god.
  1275 | D:2      | Learned a level 1 spell: Magic Dart
  1537 | D:2      | Reached XP level 3. HP: 17/19 MP: 10/10
  1574 | D:2      | Found a sparkling altar of Nemelex Xobeh.
  1612 | D:2      | Noticed Terence
  1652 | D:2      | Slain by Terence

Illustrated notes

Levels and vault maps discovered:
D:1:      onia_arrival_pyramid, layout_loops_cross, basic_ecumenical_altar,
          minmay_tromino_v4_b
D:2:      layout_basic, basic_altar, minivault_14,
          hangedman_decor_clover_reticule, uniq_sigmund, uniq_terence

Action                   || total
-------------------------++-------
Melee: Dagger            ||    13
       Short sword       ||     5
 Cast: Shock             ||    46
       Magic Dart        ||     6
Armor: Robe              ||     4
Dodge: Dodged            ||    12
